Canadiens vs Senateurs
Created - March 10, 2022 at 19:32
Goals
|
| Canadiens |
0 |
1 |
1 |
2 |
| Senateurs |
1 |
0 |
0 |
1 |
|
Shots
|
| Canadiens |
14 |
8 |
12 |
34 |
| Senateurs |
3 |
10 |
13 |
26 |
|
1st period
1. Senateurs , Max Pacioretty 10 (Jean-Gabriel Pageau 16) at 3:19
Penalties :
Mike Green (Ott) for Holding (Minor) at 5:09, Mike Green (Ott) for Roughing (Minor) at 11:32
2nd period
2. Canadiens , Mika Zibanejad 18 (Greg Stewart 18, Travis Hamonic 16) at 5:07
Penalties :
Sean Bergenheim (Ott) for Hooking (Minor) at 7:16, Phil Kessel (Mon) for Diving (Minor) at 10:25, Evgeni Malkin (Mon) for Cross-checking (Minor) at 15:44
3rd period
3. Canadiens , Pierre-Marc Bouchard 2 (Philip Larsen 6, Jakub Vrana 3) at 1:12
Penalties :
Phil Kessel (Mon) for Hooking (Minor) at 12:01
Goalie Stats
Kristers Gudlevskis (Mon), 25 saves from 26 shots - (0.962), W, 20-10-3, 60:00 minutes
Brian Elliott (Ott), 32 saves from 34 shots - (0.941), L, 7-11-2, 59:19 minutes
Players Stats for Canadiens
Player Name G A P +/- PIM S H SB GA TA FO MP PP MP PK MP
------------------------------------------------------------------------------------
Brady Skjei 0 0 0 0 0 4 0 0 0 0 0/0 21:43 2:56 0:00
Brian Dumoulin 0 0 0 0 0 1 1 3 1 0 0/0 20:19 3:01 0:00
Bryce Lampman 0 0 0 1 0 0 1 1 1 0 0/0 14:34 0:00 2:54
Chris Kreider 0 0 0 0 0 4 1 0 1 0 0/1 20:02 3:07 1:08
Daniel Carcillo 0 0 0 0 0 1 3 0 1 0 0/0 13:07 0:00 3:16
Dave Bolland 0 0 0 1 0 1 1 0 0 1 3/6 11:12 0:04 3:29
Evgeni Malkin 0 0 0 0 2 5 1 0 2 0 8/20 19:53 2:50 0:55
Greg Stewart 0 1 1 0 0 2 2 2 1 0 0/1 17:15 2:50 0:00
Jakub Vrana 0 1 1 1 0 0 1 0 0 0 0/0 7:37 0:00 0:00
Jordan Szwarz 0 0 0 0 0 4 1 0 0 0 0/0 11:49 0:00 1:33
Mark Stuart 0 0 0 0 0 0 2 1 0 1 0/0 21:40 0:00 2:54
Mika Zibanejad 1 0 1 0 0 5 2 0 0 1 10/22 17:31 3:03 0:00
Nick Spaling 0 0 0 0 0 1 3 0 1 0 2/5 11:49 0:00 1:33
Phil Kessel 0 0 0 0 4 0 1 1 0 0 0/0 18:49 3:07 0:00
Philip Larsen 0 1 1 1 0 2 2 0 0 1 0/0 16:41 3:01 3:03
Pierre-Marc Bouchard 1 0 1 1 0 1 0 0 0 0 0/0 7:37 0:00 0:00
Steve Downie 0 0 0 0 0 2 1 0 0 0 1/2 17:19 2:50 0:00
Travis Hamonic 0 1 1 0 0 1 0 1 0 0 0/0 25:03 2:56 3:03
Players Stats for Senateurs
Player Name G A P +/- PIM S H SB GA TA FO MP PP MP PK MP
------------------------------------------------------------------------------------
Brandon Burlon 0 0 0 -1 0 0 0 0 0 1 0/0 13:39 0:00 1:14
Cody Franson 0 0 0 -1 0 1 0 1 0 0 0/0 18:30 2:24 1:49
Eric Gelinas 0 0 0 1 0 3 1 3 0 2 0/0 28:21 3:33 3:24
Eric Wellwood 0 0 0 0 0 0 0 0 0 0 0/0 7:47 0:16 1:43
Jean-Gabriel Pageau 0 1 1 0 0 0 2 0 0 1 5/9 19:21 2:55 2:33
Loui Eriksson 0 0 0 0 0 4 0 1 0 0 1/1 17:02 2:49 0:00
Max Friberg 0 0 0 -1 0 1 1 0 0 0 0/0 13:23 0:16 0:00
Max Pacioretty 1 0 1 0 0 2 2 1 1 0 0/0 19:16 2:49 2:18
Mike Green 0 0 0 1 4 2 0 0 0 1 0/0 26:37 3:33 1:20
Peter Mueller 0 0 0 -1 0 1 2 1 0 0 4/8 13:18 0:00 0:06
Reilly Smith 0 0 0 0 0 1 2 0 1 0 0/1 21:27 2:52 0:00
Rostislav Olesz 0 0 0 -1 0 0 0 1 0 0 0/0 14:33 0:00 0:09
Ryan Getzlaf 0 0 0 0 0 0 1 0 0 0 1/3 5:26 0:00 0:00
Sean Bergenheim 0 0 0 0 2 2 0 0 2 0 1/1 20:26 2:52 2:01
Sergei Kostitsyn 0 0 0 0 0 0 0 0 0 0 0/0 0:00 0:00 0:00
Sidney Crosby 0 0 0 0 0 5 1 0 0 0 21/34 21:41 3:02 3:04
Taylor Chorney 0 0 0 -1 0 1 0 1 0 1 0/0 19:22 2:24 2:41
Wes O'Neill 0 0 0 -1 0 3 1 0 0 2 0/0 13:51 0:00 1:26
3 Stars
1 - Kristers Gudlevskis (Mon)
2 - Mika Zibanejad (Mon)
3 - Pierre-Marc Bouchard (Mon)
Power Play
Canadiens - 0 on 3 Attempt(s) - 0.00%
Senateurs - 0 on 3 Attempt(s) - 0.00%
Penalty Kill
Canadiens - 3 on 3 Attempt(s) - 100.00%
- Score 0 goal in Penalty Kill
Senateurs - 3 on 3 Attempt(s) - 100.00%
- Score 0 goal in Penalty Kill
Team Stat
Canadiens - Hits : 23 - Faceoff Wins : 24 - Blocked Shots : 9 - Penalty Minutes : 6
Senateurs - Hits : 13 - Faceoff Wins : 33 - Blocked Shots : 9 - Penalty Minutes : 6
Official
Referees : Beaudry Halkidis and Peter MacDougall
Linesman : Trent Knorr and Jesse Marquis
Game Notes
No Game Note
Finance
Level 1 -- Attendance: 6000 (100.00%) -- Ticket Income $600,000
Level 2 -- Attendance: 5000 (100.00%) -- Ticket Income $300,000
Level 3 -- Attendance: 1906 (95.30%) -- Ticket Income $66,710
Level 4 -- Attendance: 3816 (95.40%) -- Ticket Income $95,400
Luxury Box -- Attendance: 1000 (100.00%) -- Ticket Income $200,000
Game was played at the Centre Canadian Tire.
Total Attendance: 17722 (98.46%)
Total Ticket Income: $1,262,110
Other Income: $189,316
Total Income: $1,451,426
Canadiens
5 vs 5 Forward
Center Left Wing Right Wing Time % Phy DF OF
1 Evgeni Malkin Chris Kreider Steve Downie 40 0 1 4
2 Mika Zibanejad Greg Stewart Phil Kessel 40 0 1 4
3 Nick Spaling Daniel Carcillo Jordan Szwarz 15 0 2 3
4 Dave Bolland Jakub Vrana Pierre-Marc Bouchard 5 0 3 2
5 vs 5 Defense
Defense Defense Time % Phy DF OF
1 Travis Hamonic Brady Skjei 40 0 2 3
2 Brian Dumoulin Mark Stuart 40 0 3 2
3 Philip Larsen Bryce Lampman 10 0 3 2
4 Travis Hamonic Brady Skjei 10 0 2 3
PowerPlay Forward
Center Left Wing Right Wing Time % Phy DF OF
1 Mika Zibanejad Chris Kreider Phil Kessel 50 0 1 4
2 Evgeni Malkin Greg Stewart Steve Downie 50 0 1 4
PowerPlay Defense
Defense Defense Time % Phy DF OF
1 Travis Hamonic Brady Skjei 50 0 1 4
2 Philip Larsen Brian Dumoulin 50 0 1 4
Penalty Kill 4 Players Forward
Center Wing Time % Phy DF OF
1 Dave Bolland Daniel Carcillo 60 0 3 2
2 Nick Spaling Jordan Szwarz 40 0 3 2
Penalty Kill 4 Players Defense
Defense Defense Time % Phy DF OF
1 Bryce Lampman Mark Stuart 60 0 3 2
2 Philip Larsen Travis Hamonic 40 0 3 2
Penalty Kill - 3 Players Forward
Forward Time % Phy DF OF
1 Dave Bolland 60 1 4 0
2 Nick Spaling 40 0 4 1
Penalty Kill - 3 Players Defense
Defense Defense Time % Phy DF OF
1 Travis Hamonic Mark Stuart 60 0 4 1
2 Bryce Lampman Brian Dumoulin 40 0 4 1
4 vs 4 Forward
Center Wing Time % Phy DF OF
1 Evgeni Malkin Chris Kreider 60 0 2 3
2 Mika Zibanejad Phil Kessel 40 0 2 3
4 vs 4 Defense
Defense Defense Time % Phy DF OF
1 Travis Hamonic Brady Skjei 60 0 2 3
2 Brian Dumoulin Mark Stuart 40 0 2 3
Last Minutes Offensive
Center Left Wing Right Wing Defense Defense
Evgeni Malkin Chris Kreider Phil Kessel Travis Hamonic Brady Skjei
Last Minutes Defensive
Center Left Wing Right Wing Defense Defense
Evgeni Malkin Chris Kreider Phil Kessel Travis Hamonic Brady Skjei
Goaltenders
Starting : Kristers Gudlevskis
Backup : Allen York
Extra Forwards
Normal : Chris Kreider, Phil Kessel, Evgeni Malkin - PP : Chris Kreider, Mika Zibanejad - PK : Daniel Carcillo
Extra Defensemen
Normal : Brady Skjei, Travis Hamonic, Brian Dumoulin - PP : Brady Skjei - PK : Travis Hamonic, Mark Stuart
Penalty Shots
Evgeni Malkin, Chris Kreider, Phil Kessel, Mika Zibanejad, Greg Stewart
Scratches
None
Senateurs
5 vs 5 Forward
Center Left Wing Right Wing Time % Phy DF OF
1 Sidney Crosby Sean Bergenheim Reilly Smith 40 1 2 2
2 Jean-Gabriel Pageau Max Pacioretty Loui Eriksson 30 1 2 2
3 Peter Mueller Rostislav Olesz Max Friberg 20 1 2 2
4 Ryan Getzlaf Eric Wellwood Reilly Smith 10 1 2 2
5 vs 5 Defense
Defense Defense Time % Phy DF OF
1 Eric Gelinas Mike Green 40 1 2 2
2 Cody Franson Taylor Chorney 30 1 2 2
3 Wes O'Neill Brandon Burlon 20 1 2 2
4 Eric Gelinas Mike Green 10 1 2 2
PowerPlay Forward
Center Left Wing Right Wing Time % Phy DF OF
1 Sidney Crosby Sean Bergenheim Reilly Smith 60 1 2 2
2 Jean-Gabriel Pageau Max Pacioretty Loui Eriksson 40 1 2 2
PowerPlay Defense
Defense Defense Time % Phy DF OF
1 Eric Gelinas Mike Green 60 1 2 2
2 Cody Franson Taylor Chorney 40 1 2 2
Penalty Kill 4 Players Forward
Center Wing Time % Phy DF OF
1 Sidney Crosby Sean Bergenheim 60 1 2 2
2 Jean-Gabriel Pageau Max Pacioretty 40 1 2 2
Penalty Kill 4 Players Defense
Defense Defense Time % Phy DF OF
1 Eric Gelinas Mike Green 60 1 2 2
2 Cody Franson Taylor Chorney 40 1 2 2
Penalty Kill - 3 Players Forward
Forward Time % Phy DF OF
1 Sidney Crosby 60 1 2 2
2 Jean-Gabriel Pageau 40 1 2 2
Penalty Kill - 3 Players Defense
Defense Defense Time % Phy DF OF
1 Eric Gelinas Mike Green 60 1 2 2
2 Cody Franson Taylor Chorney 40 1 2 2
4 vs 4 Forward
Center Wing Time % Phy DF OF
1 Sidney Crosby Sean Bergenheim 60 1 2 2
2 Jean-Gabriel Pageau Max Pacioretty 40 1 2 2
4 vs 4 Defense
Defense Defense Time % Phy DF OF
1 Eric Gelinas Mike Green 60 1 2 2
2 Cody Franson Taylor Chorney 40 1 2 2
Last Minutes Offensive
Center Left Wing Right Wing Defense Defense
Sidney Crosby Sean Bergenheim Reilly Smith Eric Gelinas Mike Green
Last Minutes Defensive
Center Left Wing Right Wing Defense Defense
Sidney Crosby Sean Bergenheim Reilly Smith Eric Gelinas Mike Green
Goaltenders
Starting : Brian Elliott
Backup : Jonathan Bernier
Extra Forwards
Normal : Max Pacioretty, Loui Eriksson, Rostislav Olesz - PP : Max Pacioretty, Loui Eriksson - PK : Max Pacioretty
Extra Defensemen
Normal : Taylor Chorney, Wes O'Neill, Brandon Burlon - PP : Taylor Chorney - PK : Taylor Chorney, Wes O'Neill
Penalty Shots
Sidney Crosby, Sean Bergenheim, Jean-Gabriel Pageau, Reilly Smith, Max Pacioretty
Scratches
Anthony Bitetto (Healthy), Michael Raffl (Healthy), Nate Prosser (Healthy), T.J. Fast (Healthy)
% Time on Ice - Canadiens
Lines # - Real PCT - Wanted PCT - Time Play
Normal Forward
1 - 31% - 40% - 14:40
2 - 32% - 40% - 14:51
3 - 21% - 15% - 9:50
4 - 16% - 5% - 7:37
Normal Defense
1 - 37% - 40% - 17:22
2 - 39% - 40% - 18:22
3 - 21% - 10% - 9:51
4 - 3% - 10% - 1:23
PP Forward
1 - 52% - 50% - 3:07
2 - 48% - 50% - 2:50
PP Defense
1 - 49% - 50% - 2:56
2 - 51% - 50% - 3:01
PK Forward
1 - 74% - 60% - 4:24
2 - 26% - 40% - 1:33
PK Defense
1 - 49% - 60% - 2:54
2 - 51% - 40% - 3:03
PK3 Forward
1 - 0% - 60%
2 - 0% - 40%
PK3 Defense
1 - 0% - 60%
2 - 0% - 40%
44 Forward
1 - 0% - 60%
2 - 0% - 40%
44 Defense
1 - 0% - 60%
2 - 0% - 40%
Last Minute Offensive - 0:00
Last Minute Defensive - 1:08
Total
Forward - 60:00
Defense - 60:00
|
% Time on Ice - Senateurs
Lines # - Real PCT - Wanted PCT - Time Play
Normal Forward
1 - 32% - 40% - 14:51
2 - 29% - 30% - 13:45
3 - 28% - 20% - 12:59
4 - 12% - 10% - 5:26
Normal Defense
1 - 42% - 40% - 19:43
2 - 30% - 30% - 14:17
3 - 24% - 20% - 11:10
4 - 4% - 10% - 1:51
PP Forward
1 - 53% - 60% - 3:08
2 - 47% - 40% - 2:49
PP Defense
1 - 60% - 60% - 3:33
2 - 40% - 40% - 2:24
PK Forward
1 - 82% - 60% - 4:51
2 - 18% - 40% - 1:06
PK Defense
1 - 75% - 60% - 4:28
2 - 25% - 40% - 1:29
PK3 Forward
1 - 0% - 60%
2 - 0% - 40%
PK3 Defense
1 - 0% - 60%
2 - 0% - 40%
44 Forward
1 - 0% - 60%
2 - 0% - 40%
44 Defense
1 - 0% - 60%
2 - 0% - 40%
Last Minute Offensive - 1:05
Last Minute Defensive - 0:00
Total
Forward - 60:00
Defense - 60:00
|
Play-by-Play
1st period
0:01 of 1st period - Evgeni Malkin wins face-off versus Sidney Crosby in neutral zone.
0:26 of 1st period - Loui Eriksson is hit by Greg Stewart and loses puck.
0:55 of 1st period - Wrist shot by Rostislav Olesz.
0:55 of 1st period - Shot Misses the Net.
0:57 of 1st period - Slapshot by Mike Green.
0:57 of 1st period - Stopped by Kristers Gudlevskis without a rebound.
0:58 of 1st period - Ryan Getzlaf wins face-off versus Evgeni Malkin in Canadiens zone.
2:17 of 1st period - Snap shot by Daniel Carcillo.
2:17 of 1st period - Stopped by Brian Elliott without a rebound.
2:18 of 1st period - Peter Mueller wins face-off versus Nick Spaling in Senateurs zone.
2:35 of 1st period - Wrist shot by Daniel Carcillo.
2:35 of 1st period - Shot Misses the Net.
2:37 of 1st period - Snap shot by Jordan Szwarz.
2:37 of 1st period - Stopped by Brian Elliott without a rebound.
2:38 of 1st period - Evgeni Malkin wins face-off versus Sidney Crosby in Senateurs zone.
2:45 of 1st period - Snap shot by Chris Kreider.
2:45 of 1st period - Shot Misses the Net.
3:19 of 1st period - Slapshot by Max Pacioretty.
3:19 of 1st period - Goal by Max Pacioretty - Canadiens : 0 - Senateurs : 1.
3:20 of 1st period - Mika Zibanejad wins face-off versus Sidney Crosby in neutral zone.
3:31 of 1st period - Slapshot by Mika Zibanejad.
3:31 of 1st period - Shot Misses the Net.
3:33 of 1st period - Backhand shot by Mika Zibanejad.
3:33 of 1st period - Stopped by Brian Elliott without a rebound.
3:34 of 1st period - Evgeni Malkin wins face-off versus Jean-Gabriel Pageau in Senateurs zone.
4:16 of 1st period - Wrist shot by Max Pacioretty.
4:16 of 1st period - Shot Hit the Post.
4:34 of 1st period - Wrist shot by Max Pacioretty.
4:34 of 1st period - Shot Misses the Net.
4:36 of 1st period - Snap shot by Loui Eriksson.
4:36 of 1st period - Stopped by Kristers Gudlevskis without a rebound.
4:37 of 1st period - Sidney Crosby wins face-off versus Evgeni Malkin in Canadiens zone.
4:40 of 1st period - Snap shot by Sidney Crosby.
4:40 of 1st period - Shot Misses the Net.
5:09 of 1st period - Minor Penalty to Mike Green for Holding.
5:10 of 1st period - Sidney Crosby wins face-off versus Mika Zibanejad in Senateurs zone.
6:10 of 1st period - Max Pacioretty is hit by Philip Larsen.
7:09 of 1st period - Penalty to Mike Green is over, Mike Green is back on ice.
7:22 of 1st period - Snap shot by Mike Green.
7:22 of 1st period - Shot Blocked by Brian Dumoulin.
7:36 of 1st period - Brian Dumoulin is hit by Ryan Getzlaf.
7:52 of 1st period - Slapshot by Nick Spaling.
7:52 of 1st period - Deflect By Cody Franson.
7:52 of 1st period - Stopped by Brian Elliott with a rebound.
7:54 of 1st period - Slapshot by Travis Hamonic.
7:54 of 1st period - Shot Misses the Net.
7:56 of 1st period - Slapshot by Jordan Szwarz.
7:56 of 1st period - Shot Misses the Net.
7:58 of 1st period - Wrist shot by Jordan Szwarz.
7:58 of 1st period - Shot Misses the Net.
8:09 of 1st period - Slapshot by Jordan Szwarz.
8:09 of 1st period - Stopped by Brian Elliott with a rebound.
8:11 of 1st period - Slapshot by Brady Skjei.
8:11 of 1st period - Stopped by Brian Elliott with a rebound.
8:37 of 1st period - Max Pacioretty is hit by Nick Spaling and loses puck.
8:47 of 1st period - Snap shot by Jordan Szwarz.
8:47 of 1st period - Shot Blocked by Max Pacioretty.
8:49 of 1st period - Slapshot by Jordan Szwarz.
8:49 of 1st period - Shot Blocked by Loui Eriksson.
8:55 of 1st period - Wrist shot by Jordan Szwarz.
8:55 of 1st period - Stopped by Brian Elliott without a rebound.
8:56 of 1st period - Sidney Crosby wins face-off versus Mika Zibanejad in Senateurs zone.
8:56 of 1st period - Sidney Crosby is hit by Greg Stewart.
9:10 of 1st period - Mike Green is hit by Mika Zibanejad and loses puck.
9:31 of 1st period - Wrist shot by Evgeni Malkin.
9:31 of 1st period - Shot Misses the Net.
9:33 of 1st period - Wrist shot by Chris Kreider.
9:33 of 1st period - Stopped by Brian Elliott without a rebound.
9:34 of 1st period - Peter Mueller wins face-off versus Evgeni Malkin in Senateurs zone.
10:26 of 1st period - Snap shot by Chris Kreider.
10:26 of 1st period - Shot Blocked by Rostislav Olesz.
10:33 of 1st period - Icing by Philip Larsen.
10:34 of 1st period - Evgeni Malkin wins face-off versus Sidney Crosby in Canadiens zone.
10:56 of 1st period - Wrist shot by Steve Downie.
10:56 of 1st period - Stopped by Brian Elliott with a rebound.
10:58 of 1st period - Slapshot by Philip Larsen.
10:58 of 1st period - Stopped by Brian Elliott without a rebound.
10:59 of 1st period - Jean-Gabriel Pageau wins face-off versus Mika Zibanejad in Senateurs zone.
11:11 of 1st period - Wrist shot by Greg Stewart.
11:11 of 1st period - Stopped by Brian Elliott without a rebound.
11:12 of 1st period - Mika Zibanejad wins face-off versus Sidney Crosby in Senateurs zone.
11:21 of 1st period - Slapshot by Mika Zibanejad.
11:21 of 1st period - Shot Hit the Post.
11:23 of 1st period - Wrist shot by Mika Zibanejad.
11:23 of 1st period - Shot Misses the Net.
11:32 of 1st period - Minor Penalty to Mike Green for Roughing.
11:33 of 1st period - Sidney Crosby wins face-off versus Mika Zibanejad in Senateurs zone.
13:32 of 1st period - Penalty to Mike Green is over, Mike Green is back on ice.
13:48 of 1st period - Snap shot by Brian Dumoulin.
13:48 of 1st period - Deflect By Mike Green.
13:48 of 1st period - Stopped by Brian Elliott with a rebound.
14:18 of 1st period - Max Friberg is hit by Jakub Vrana and loses puck.
14:31 of 1st period - Reilly Smith is hit by Daniel Carcillo and loses puck.
14:42 of 1st period - Mika Zibanejad is hit by Sidney Crosby and loses puck.
14:53 of 1st period - Peter Mueller is hit by Evgeni Malkin.
16:27 of 1st period - Eric Wellwood is hit by Bryce Lampman and loses puck.
16:51 of 1st period - Steve Downie is hit by Peter Mueller and loses puck.
17:15 of 1st period - Max Pacioretty is hit by Mark Stuart and loses puck.
17:40 of 1st period - Max Friberg is hit by Philip Larsen and loses puck.
18:13 of 1st period - Snap shot by Brady Skjei.
18:13 of 1st period - Stopped by Brian Elliott with a rebound.
18:15 of 1st period - Slapshot by Travis Hamonic.
18:15 of 1st period - Stopped by Brian Elliott without a rebound.
18:16 of 1st period - Peter Mueller wins face-off versus Dave Bolland in Senateurs zone.
Goals for this period are 0 for Canadiens vs 1 for Senateurs.
Shots for this period are 14 for Canadiens vs 3 for Senateurs.
2nd period
0:01 of 2nd period - Sidney Crosby wins face-off versus Mika Zibanejad in neutral zone.
0:04 of 2nd period - Snap shot by Sidney Crosby.
0:04 of 2nd period - Stopped by Kristers Gudlevskis with a rebound.
0:06 of 2nd period - Wrist shot by Wes O'Neill.
0:06 of 2nd period - Stopped by Kristers Gudlevskis without a rebound.
0:07 of 2nd period - Sidney Crosby wins face-off versus Mika Zibanejad in Canadiens zone.
0:12 of 2nd period - Snap shot by Reilly Smith.
0:12 of 2nd period - Deflect By Sidney Crosby.
0:12 of 2nd period - Stopped by Kristers Gudlevskis with a rebound.
0:14 of 2nd period - Slapshot by Sidney Crosby.
0:14 of 2nd period - Shot Blocked by Phil Kessel.
0:16 of 2nd period - Slapshot by Wes O'Neill.
0:16 of 2nd period - Stopped by Kristers Gudlevskis without a rebound.
0:17 of 2nd period - Sean Bergenheim wins face-off versus Mika Zibanejad in Canadiens zone.
0:51 of 2nd period - Wrist shot by Evgeni Malkin.
0:51 of 2nd period - Stopped by Brian Elliott with a rebound.
1:29 of 2nd period - Wrist shot by Mika Zibanejad.
1:29 of 2nd period - Stopped by Brian Elliott without a rebound.
1:30 of 2nd period - Jean-Gabriel Pageau wins face-off versus Mika Zibanejad in Senateurs zone.
1:35 of 2nd period - Greg Stewart is hit by Wes O'Neill and loses puck.
2:22 of 2nd period - Off-side.
2:23 of 2nd period - Sidney Crosby wins face-off versus Mika Zibanejad in neutral zone.
3:12 of 2nd period - Max Friberg is hit by Daniel Carcillo.
3:36 of 2nd period - Taylor Chorney is hit by Phil Kessel.
4:14 of 2nd period - Off-side.
4:15 of 2nd period - Dave Bolland wins face-off versus Sidney Crosby in neutral zone.
4:18 of 2nd period - Slapshot by Brady Skjei.
4:18 of 2nd period - Deflect By Sidney Crosby.
4:18 of 2nd period - Stopped by Brian Elliott with a rebound.
5:05 of 2nd period - Snap shot by Greg Stewart.
5:05 of 2nd period - Shot Misses the Net.
5:07 of 2nd period - Snap shot by Mika Zibanejad.
5:07 of 2nd period - Goal by Mika Zibanejad - Canadiens : 1 - Senateurs : 1.
5:08 of 2nd period - Sidney Crosby wins face-off versus Mika Zibanejad in neutral zone.
5:19 of 2nd period - Slapshot by Sean Bergenheim.
5:19 of 2nd period - Shot Blocked by Brian Dumoulin.
5:46 of 2nd period - Snap shot by Jean-Gabriel Pageau.
5:46 of 2nd period - Shot Misses the Net.
5:48 of 2nd period - Snap shot by Max Pacioretty.
5:48 of 2nd period - Stopped by Kristers Gudlevskis without a rebound.
5:49 of 2nd period - Mika Zibanejad wins face-off versus Peter Mueller in Canadiens zone.
6:38 of 2nd period - Slapshot by Cody Franson.
6:38 of 2nd period - Stopped by Kristers Gudlevskis without a rebound.
6:39 of 2nd period - Jean-Gabriel Pageau wins face-off versus Nick Spaling in Canadiens zone.
6:46 of 2nd period - Slapshot by Loui Eriksson.
6:46 of 2nd period - Shot Misses the Net.
6:48 of 2nd period - Slapshot by Loui Eriksson.
6:48 of 2nd period - Deflect By Nick Spaling.
6:48 of 2nd period - Stopped by Kristers Gudlevskis with a rebound.
6:50 of 2nd period - Wrist shot by Loui Eriksson.
6:50 of 2nd period - Stopped by Kristers Gudlevskis with a rebound.
6:52 of 2nd period - Slapshot by Eric Gelinas.
6:52 of 2nd period - Stopped by Kristers Gudlevskis without a rebound.
6:53 of 2nd period - Mika Zibanejad wins face-off versus Sidney Crosby in Canadiens zone.
7:16 of 2nd period - Minor Penalty to Sean Bergenheim for Hooking.
7:17 of 2nd period - Evgeni Malkin wins face-off versus Sidney Crosby in Senateurs zone.
7:20 of 2nd period - Slapshot by Steve Downie.
7:20 of 2nd period - Shot Misses the Net.
7:44 of 2nd period - Max Pacioretty is hit by Chris Kreider and loses puck.
8:23 of 2nd period - Eric Wellwood is hit by Steve Downie and loses puck.
9:16 of 2nd period - Penalty to Sean Bergenheim is over, Sean Bergenheim is back on ice.
9:32 of 2nd period - Snap shot by Peter Mueller.
9:32 of 2nd period - Shot Misses the Net.
10:10 of 2nd period - Icing by Brandon Burlon.
10:11 of 2nd period - Mika Zibanejad wins face-off versus Ryan Getzlaf in Senateurs zone.
10:25 of 2nd period - Minor Penalty to Phil Kessel for Diving.
10:26 of 2nd period - Sidney Crosby wins face-off versus Dave Bolland in Canadiens zone.
12:25 of 2nd period - Penalty to Phil Kessel is over, Phil Kessel is back on ice.
12:39 of 2nd period - Brady Skjei is hit by Max Friberg and loses puck.
12:44 of 2nd period - Wrist shot by Peter Mueller.
12:44 of 2nd period - Shot Blocked by Travis Hamonic.
13:02 of 2nd period - Slapshot by Brady Skjei.
13:02 of 2nd period - Deflect By Eric Wellwood.
13:02 of 2nd period - Stopped by Brian Elliott with a rebound.
13:17 of 2nd period - Brandon Burlon is hit by Nick Spaling and loses puck.
14:14 of 2nd period - Nick Spaling is hit by Eric Gelinas and loses puck.
14:37 of 2nd period - Wrist shot by Mika Zibanejad.
14:37 of 2nd period - Shot Misses the Net.
14:57 of 2nd period - Wrist shot by Evgeni Malkin.
14:57 of 2nd period - Stopped by Brian Elliott with a rebound.
14:59 of 2nd period - Wrist shot by Steve Downie.
14:59 of 2nd period - Stopped by Brian Elliott with a rebound.
15:01 of 2nd period - Snap shot by Chris Kreider.
15:01 of 2nd period - Stopped by Brian Elliott with a rebound.
15:17 of 2nd period - Peter Mueller is hit by Brian Dumoulin.
15:29 of 2nd period - Max Friberg is hit by Mark Stuart and loses puck.
15:44 of 2nd period - Minor Penalty to Evgeni Malkin for Cross-checking.
15:45 of 2nd period - Dave Bolland wins face-off versus Sidney Crosby in Canadiens zone.
16:16 of 2nd period - Jean-Gabriel Pageau is hit by Daniel Carcillo.
16:21 of 2nd period - Off-side.
16:22 of 2nd period - Nick Spaling wins face-off versus Sidney Crosby in neutral zone.
17:04 of 2nd period - Dave Bolland is hit by Jean-Gabriel Pageau and loses puck.
17:44 of 2nd period - Penalty to Evgeni Malkin is over, Evgeni Malkin is back on ice.
18:35 of 2nd period - Slapshot by Chris Kreider.
18:35 of 2nd period - Deflect By Evgeni Malkin.
18:35 of 2nd period - Shot Blocked by Peter Mueller.
18:35 of 2nd period - Puck is out of play.
18:36 of 2nd period - Peter Mueller wins face-off versus Evgeni Malkin in Senateurs zone.
18:43 of 2nd period - Snap shot by Max Friberg.
18:43 of 2nd period - Shot Misses the Net.
19:39 of 2nd period - Snap shot by Peter Mueller.
19:39 of 2nd period - Shot Blocked by Mark Stuart.
19:41 of 2nd period - Slapshot by Wes O'Neill.
19:41 of 2nd period - Stopped by Kristers Gudlevskis without a rebound.
19:42 of 2nd period - Evgeni Malkin wins face-off versus Peter Mueller in Canadiens zone.
Goals for this period are 1 for Canadiens vs 0 for Senateurs.
Shots for this period are 8 for Canadiens vs 10 for Senateurs.
3rd period
0:01 of 3rd period - Steve Downie wins face-off versus Sidney Crosby in neutral zone.
0:10 of 3rd period - Snap shot by Sean Bergenheim.
0:10 of 3rd period - Shot Blocked by Brian Dumoulin.
0:12 of 3rd period - Wrist shot by Eric Gelinas.
0:12 of 3rd period - Stopped by Kristers Gudlevskis without a rebound.
0:13 of 3rd period - Sidney Crosby wins face-off versus Evgeni Malkin in Canadiens zone.
0:39 of 3rd period - Mika Zibanejad is hit by Jean-Gabriel Pageau.
1:08 of 3rd period - Snap shot by Philip Larsen.
1:08 of 3rd period - Shot Blocked by Taylor Chorney.
1:10 of 3rd period - Slapshot by Philip Larsen.
1:10 of 3rd period - Stopped by Brian Elliott with a rebound.
1:12 of 3rd period - Snap shot by Pierre-Marc Bouchard.
1:12 of 3rd period - Goal by Pierre-Marc Bouchard - Canadiens : 2 - Senateurs : 1.
1:13 of 3rd period - Sidney Crosby wins face-off versus Steve Downie in neutral zone.
2:48 of 3rd period - Snap shot by Dave Bolland.
2:48 of 3rd period - Stopped by Brian Elliott with a rebound.
3:26 of 3rd period - Snap shot by Mika Zibanejad.
3:26 of 3rd period - Stopped by Brian Elliott without a rebound.
3:27 of 3rd period - Mika Zibanejad wins face-off versus Jean-Gabriel Pageau in Senateurs zone.
3:56 of 3rd period - Slapshot by Mark Stuart.
3:56 of 3rd period - Shot Blocked by Cody Franson.
3:58 of 3rd period - Slapshot by Chris Kreider.
3:58 of 3rd period - Shot Misses the Net.
4:00 of 3rd period - Snap shot by Chris Kreider.
4:00 of 3rd period - Stopped by Brian Elliott with a rebound.
4:02 of 3rd period - Wrist shot by Evgeni Malkin.
4:02 of 3rd period - Stopped by Brian Elliott without a rebound.
4:03 of 3rd period - Sidney Crosby wins face-off versus Evgeni Malkin in Senateurs zone.
4:42 of 3rd period - Wrist shot by Chris Kreider.
4:42 of 3rd period - Stopped by Brian Elliott with a rebound.
5:43 of 3rd period - Off-side.
5:44 of 3rd period - Mika Zibanejad wins face-off versus Sidney Crosby in neutral zone.
5:51 of 3rd period - Icing by Sidney Crosby.
5:52 of 3rd period - Sidney Crosby wins face-off versus Greg Stewart in Senateurs zone.
5:57 of 3rd period - Slapshot by Reilly Smith.
5:57 of 3rd period - Deflect By Phil Kessel.
5:57 of 3rd period - Shot Blocked by Greg Stewart.
5:57 of 3rd period - Puck is out of play.
5:58 of 3rd period - Sidney Crosby wins face-off versus Mika Zibanejad in Canadiens zone.
7:17 of 3rd period - Off-side.
7:18 of 3rd period - Nick Spaling wins face-off versus Peter Mueller in neutral zone.
7:30 of 3rd period - Rostislav Olesz is hit by Jordan Szwarz and loses puck.
8:06 of 3rd period - Taylor Chorney is hit by Dave Bolland and loses puck.
8:15 of 3rd period - Wrist shot by Sean Bergenheim.
8:15 of 3rd period - Shot Misses the Net.
8:17 of 3rd period - Wrist shot by Sidney Crosby.
8:17 of 3rd period - Shot Misses the Net.
9:02 of 3rd period - Max Pacioretty is hit by Nick Spaling and loses puck.
9:27 of 3rd period - Wrist shot by Sidney Crosby.
9:27 of 3rd period - Stopped by Kristers Gudlevskis without a rebound.
9:28 of 3rd period - Mika Zibanejad wins face-off versus Peter Mueller in Canadiens zone.
9:37 of 3rd period - Snap shot by Peter Mueller.
9:37 of 3rd period - Deflect By Max Friberg.
9:37 of 3rd period - Stopped by Kristers Gudlevskis with a rebound.
9:39 of 3rd period - Wrist shot by Peter Mueller.
9:39 of 3rd period - Shot Misses the Net.
9:41 of 3rd period - Slapshot by Peter Mueller.
9:41 of 3rd period - Stopped by Kristers Gudlevskis without a rebound.
9:42 of 3rd period - Sidney Crosby wins face-off versus Evgeni Malkin in Canadiens zone.
9:50 of 3rd period - Off-side.
9:51 of 3rd period - Sidney Crosby wins face-off versus Evgeni Malkin in neutral zone.
10:03 of 3rd period - Snap shot by Reilly Smith.
10:03 of 3rd period - Stopped by Kristers Gudlevskis without a rebound.
10:04 of 3rd period - Sidney Crosby wins face-off versus Chris Kreider in Canadiens zone.
10:05 of 3rd period - Wrist shot by Sean Bergenheim.
10:05 of 3rd period - Stopped by Kristers Gudlevskis without a rebound.
10:06 of 3rd period - Sidney Crosby wins face-off versus Evgeni Malkin in Canadiens zone.
10:13 of 3rd period - Wrist shot by Reilly Smith.
10:13 of 3rd period - Shot Misses the Net.
10:15 of 3rd period - Slapshot by Eric Gelinas.
10:15 of 3rd period - Shot Misses the Net.
10:17 of 3rd period - Snap shot by Mike Green.
10:17 of 3rd period - Shot Misses the Net.
10:19 of 3rd period - Slapshot by Eric Gelinas.
10:19 of 3rd period - Shot Misses the Net.
10:21 of 3rd period - Snap shot by Sidney Crosby.
10:21 of 3rd period - Stopped by Kristers Gudlevskis with a rebound.
10:23 of 3rd period - Slapshot by Mike Green.
10:23 of 3rd period - Stopped by Kristers Gudlevskis without a rebound.
10:24 of 3rd period - Mika Zibanejad wins face-off versus Jean-Gabriel Pageau in Canadiens zone.
11:54 of 3rd period - Snap shot by Sidney Crosby.
11:54 of 3rd period - Shot Misses the Net.
11:56 of 3rd period - Slapshot by Sean Bergenheim.
11:56 of 3rd period - Stopped by Kristers Gudlevskis without a rebound.
11:57 of 3rd period - Jean-Gabriel Pageau wins face-off versus Mika Zibanejad in Canadiens zone.
12:01 of 3rd period - Minor Penalty to Phil Kessel for Hooking.
12:02 of 3rd period - Jean-Gabriel Pageau wins face-off versus Dave Bolland in Canadiens zone.
12:02 of 3rd period - Snap shot by Loui Eriksson.
12:02 of 3rd period - Shot Misses the Net.
12:04 of 3rd period - Snap shot by Loui Eriksson.
12:04 of 3rd period - Shot Blocked by Bryce Lampman.
12:18 of 3rd period - Snap shot by Eric Gelinas.
12:18 of 3rd period - Stopped by Kristers Gudlevskis with a rebound.
13:12 of 3rd period - Dave Bolland is hit by Max Pacioretty and loses puck.
13:27 of 3rd period - Snap shot by Jordan Szwarz.
13:27 of 3rd period - Stopped by Brian Elliott without a rebound.
13:28 of 3rd period - Sidney Crosby wins face-off versus Nick Spaling in Senateurs zone.
14:01 of 3rd period - Penalty to Phil Kessel is over, Phil Kessel is back on ice.
14:09 of 3rd period - Rostislav Olesz is hit by Mika Zibanejad and loses puck.
14:16 of 3rd period - Backhand shot by Mika Zibanejad.
14:16 of 3rd period - Stopped by Brian Elliott with a rebound.
14:28 of 3rd period - Mark Stuart is hit by Reilly Smith and loses puck.
14:35 of 3rd period - Wrist shot by Evgeni Malkin.
14:35 of 3rd period - Stopped by Brian Elliott without a rebound.
14:36 of 3rd period - Loui Eriksson wins face-off versus Evgeni Malkin in Senateurs zone.
14:41 of 3rd period - Slapshot by Loui Eriksson.
14:41 of 3rd period - Shot Misses the Net.
15:07 of 3rd period - Wrist shot by Greg Stewart.
15:07 of 3rd period - Shot Blocked by Eric Gelinas.
15:44 of 3rd period - Dave Bolland is hit by Peter Mueller and loses puck.
16:33 of 3rd period - Icing by Mark Stuart.
16:34 of 3rd period - Dave Bolland wins face-off versus Reilly Smith in Canadiens zone.
16:47 of 3rd period - Wrist shot by Sidney Crosby.
16:47 of 3rd period - Stopped by Kristers Gudlevskis without a rebound.
16:48 of 3rd period - Sidney Crosby wins face-off versus Evgeni Malkin in Canadiens zone.
17:17 of 3rd period - Wrist shot by Loui Eriksson.
17:17 of 3rd period - Stopped by Kristers Gudlevskis without a rebound.
17:18 of 3rd period - Mika Zibanejad wins face-off versus Jean-Gabriel Pageau in Canadiens zone.
17:31 of 3rd period - Snap shot by Greg Stewart.
17:31 of 3rd period - Stopped by Brian Elliott with a rebound.
17:53 of 3rd period - Snap shot by Max Pacioretty.
17:53 of 3rd period - Shot Blocked by Greg Stewart.
17:55 of 3rd period - Slapshot by Taylor Chorney.
17:55 of 3rd period - Stopped by Kristers Gudlevskis without a rebound.
17:56 of 3rd period - Evgeni Malkin wins face-off versus Ryan Getzlaf in Canadiens zone.
18:05 of 3rd period - Slapshot by Evgeni Malkin.
18:05 of 3rd period - Stopped by Brian Elliott with a rebound.
18:13 of 3rd period - Wrist shot by Evgeni Malkin.
18:13 of 3rd period - Shot Misses the Net.
18:31 of 3rd period - Nick Spaling is hit by Reilly Smith and loses puck.
18:44 of 3rd period - Phil Kessel is hit by Max Pacioretty.
19:00 of 3rd period - Senateurs, Brian Elliott is pulled from the net.
19:02 of 3rd period - Slapshot by Sidney Crosby.
19:02 of 3rd period - Shot Misses the Net.
19:04 of 3rd period - Wrist shot by Sean Bergenheim.
19:04 of 3rd period - Deflect By Sidney Crosby.
19:04 of 3rd period - Shot Misses the Net.
19:04 of 3rd period - Puck is out of play.
19:05 of 3rd period - Guy Carbonneau call a timeout for Senateurs.
19:05 of 3rd period - Sidney Crosby wins face-off versus Evgeni Malkin in Canadiens zone.
19:38 of 3rd period - Snap shot by Phil Kessel.
19:38 of 3rd period - Shot Blocked by Eric Gelinas.
19:40 of 3rd period - Backhand shot by Travis Hamonic.
19:40 of 3rd period - Deflect By Evgeni Malkin.
19:40 of 3rd period - Shot Blocked by Eric Gelinas.
19:40 of 3rd period - Puck is out of play.
19:41 of 3rd period - Brian Elliott from Senateurs was sent back in the game.
19:41 of 3rd period - Evgeni Malkin wins face-off versus Sidney Crosby in Senateurs zone.
Goals for this period are 1 for Canadiens vs 0 for Senateurs.
Shots for this period are 12 for Canadiens vs 13 for Senateurs.